 Dungeon Crawl Stone Soup version 0.22-b1-21-g5cfc168 (webtiles) character file.

3535 dvd the Conjurer (level 10, -7/63 HPs)
             Began as an Octopode Fire Elementalist on Aug 5, 2018.
             Was a Follower of Vehumet.
             Mangled by Joseph
             ... wielding a +3 quarterstaff of draining
              (15 damage)
             ... on level 8 of the Dungeon.
             The game lasted 00:27:28 (9521 turns).

dvd the Conjurer (Octopode Fire Elementalist)       Turns: 9521, Time: 00:27:29

Health: -7/63      AC:  1    Str:  8    XL:     10   Next: 8%
Magic:  13/20      EV: 14    Int: 20    God:    Vehumet [*.....]
Gold:   335        SH:  3    Dex: 16    Spells: 6/22 levels left

rFire    . . .     SeeInvis .   g - +1 mace (holy)
rCold    . . .     Gourm    .   x - +0 buckler
rNeg     . . .     Faith    .   (helmet restricted)
rPois    .         Spirit   .   C - amulet of Surprise {RegenMP Dex+3}
rElec    .         Reflect  .   E - ring of attention (curse)
rCorr    +         Harm     .   j - ring of resist corrosion
MR       .....                  (no ring)
Stlth    ++........             (no ring)
HPRegen  0.20/turn              (no ring)
MPRegen  0.42/turn              (no ring)
                                (no ring)
                                (no ring)

@: very slightly contaminated, heavily drained
A: almost no armour, stealthy swim, amphibious, 8 rings, constrict 8, camouflage
1, gelatinous body 1
a: Renounce Religion


You were on level 8 of the Dungeon.
You worshipped Vehumet.
Vehumet was aware of your devotion.
You were hungry.

You visited 2 branches of the dungeon, and saw 9 of its levels.

You collected 335 gold pieces.

Inventory:

Hand Weapons
 g - a +1 mace of holy wrath (weapon)
 h - a +1 dagger of venom
 n - a +2 dagger of speed
 B - a +1 war axe of flaming
 G - a +1 scimitar of flaming
Armour
 x - a +0 buckler (worn)
Magical Staves
 q - an uncursed staff of poison
Jewellery
 j - a ring of resist corrosion (right tentacle)
 A - an uncursed amulet of harm
 C - the amulet of Surprise (around mantle) {RegenMP Dex+3}
   (You found it on level 6 of the Dungeon)

   [amulet of magic regeneration]

   It increases your magic regeneration.
   It affects your dexterity (+3).
 E - a cursed ring of attention (left tentacle)
Wands
 o - a wand of clouds (4)
 p - a wand of random effects (41)
Scrolls
 d - 9 scrolls of identify
 f - a scroll of immolation {unknown}
 i - 5 scrolls of amnesia {unknown}
 r - 3 scrolls of noise {unknown}
 s - 4 scrolls of enchant weapon {unknown}
 v - a scroll of fear {unknown}
 w - a scroll of teleportation
 y - a scroll of fog {unknown}
 z - a scroll of random uselessness {unknown}
 D - a scroll of blinking
 F - 2 scrolls of remove curse
Potions
 a - 2 potions of haste {unknown}
 c - 2 potions of agility {unknown}
 e - 5 potions of heal wounds {unknown}
 k - 2 potions of degeneration {unknown}
 l - a potion of berserk rage {unknown}
 m - 6 potions of curing
 t - 2 potions of brilliance {unknown}
 u - a potion of mutation {unknown}
Comestibles
 b - 17 rations


   Skills:
 - Level 3.6(2.1) Fighting
 - Level 3.1(1.7) Short Blades
 - Level 4.6(3.1) Maces & Flails
 - Level 4.5(3.0) Dodging
 - Level 2.6(1.3) Stealth
 + Level 0.5(0.0) Shields
 - Level 6.7(5.1) Spellcasting
 - Level 6.9(5.3) Conjurations
 - Level 6.4(4.9) Fire Magic
 - Level 0.2(0.0) Evocations


You had 6 spell levels left.
You knew the following spells:

 Your Spells              Type           Power        Failure   Level  Hunger
a - Flame Tongue          Conj/Fire      ####.        2%          1    None
b - Throw Flame           Conj/Fire      ####..       3%          2    None
c - Sticky Flame          Conj/Fire      ####....     22%         4    ####...
d - Magic Dart            Conj           ####         2%          1    None
e - Blink                 Tloc           N/A          28%         2    None
f - Shock                 Conj/Air       ###.         6%          1    None
g - Fireball              Conj/Fire      ####......   54%         5    #####..

Your spell library contained the following spells:

 Spells                   Type           Power        Failure   Level  Hunger
 Conjure Flame            Conj/Fire      ####....     7%          3    ##.....
 Lightning Bolt           Conj/Air       ###.......   87%         5    #####..
 Slow                     Hex            #.......     28%         2    None
 Mephitic Cloud           Conj/Pois/Air  ##......     28%         3    ##.....
 Call Imp                 Summ           #.......     28%         2    None
 Swiftness                Chrm/Air       #.......     28%         2    None
 Statue Form              Tmut/Erth      #........    100%        6    #######
 Dragon Form              Tmut           #.........   100%        7    #######
 Airstrike                Air            #.........   88%         4    ####...
 Static Discharge         Conj/Air       ###.....     19%         3    ##.....
 Inner Flame              Hex/Fire       ###.....     21%         3    ##.....
 Hydra Form               Tmut           #.........   100%        6    #######
 Irradiate                Conj/Tmut      ###.......   87%         5    #####..


Dungeon Overview and Level Annotations

Branches:
Dungeon (8/15)             Temple (1/1) D:6
   Lair: D:8-11

Altars:
Ashenzari
Cheibriados
Dithmenos
Elyvilon
Fedhas
Gozag
Hepliaklqana
Kikubaaqudgha
Makhleb
Nemelex Xobeh
Okawaru
Qazlal
Ru
Sif Muna
Trog
Uskayaw
Vehumet
Wu Jian
Yredelemnul
Zin
The Shining One

Annotations:
D:4 1 runed door, Jaiteiro's ghost, amateur GrFi
D:7 exclusion: orange crystal statue
D:8 Gastronok; Joseph


Innate Abilities, Weirdness & Mutations

You cannot wear most types of armour.
You are very stealthy in the water. (Stealth+)
You are amphibious.
You can wear up to eight rings at the same time.
You can use your tentacles to constrict eight enemies at once.
Your skin changes colour to match your surroundings (Stealth+).
Your rubbery body absorbs attacks. (AC +1, EV +1)


Message History

Aim: Joseph, wielding a quarterstaff of draining and wearing a leather armour (heavily wounded, covered in liquid flames)
You miscast Sticky Flame.
You are very lightly contaminated with residual magic.
Wisps of smoke drift from your tentacles.
Joseph burns!
Joseph hits you with an uncursed quarterstaff of draining!
You feel drained. The phantom closely misses you.
Unknown command.
Joseph burns!
You hit Joseph. Your grab misses Joseph.
Joseph is severely wounded.
Joseph burns! x2
Joseph hits you with an uncursed quarterstaff of draining!!
* * * LOW HITPOINT WARNING * * *
You feel drained.
* * * LOW HITPOINT WARNING * * *
The phantom closely misses you.
You feel better.
Joseph burns!
Joseph stops burning.
Joseph hits you with an uncursed quarterstaff of draining!
You die...

##.## ###..####..### #.#
##..####..# ####.####
##.....##..#
#.......###.......#..#
#....................# #
#.......#............# #
#............#.#..#### #
#......###..W.....# #
#..........@@.....# #
#.......#####(..###
############## #...#
>...)##### #...# ####.....#
#...# ####.###.# #...# .
..##.###.# #######...#####.#
.(#......###...............#
......##...................#


You could see Joseph and a phantom.

Vanquished Creatures
  Erica (D:8)
  A centaur skeleton (D:8)
  A troll (D:7)
  A spriggan (D:7)
  Sigmund (D:2)
  2 ogres
  An ice beast (D:8)
  2 phantoms
  A centaur (D:7)
  2 bullfrogs
  A scorpion (D:8)
  A water moccasin skeleton (D:6)
  5 wights (D:6)
  4 electric eels (D:7)
  4 howler monkeys
  2 bullfrog zombies
  2 crimson imps (D:6)
  2 hounds
  3 jellies
  2 orc priests
  2 orc wizards (D:6)
  Ijyb (D:3)
  6 worker ants
  3 iguanas
  A hound zombie (D:6)
  2 hound skeletons (D:8)
  5 adders
  An ooze (D:1)
  An adder skeleton (D:4)
  A worm (D:4)
  A dart slug (D:1)
  8 leopard geckos
  17 orcs
  5 giant cockroaches
  5 goblins
  11 hobgoblins
  5 jackals
  15 kobolds
  7 quokkas
  A ball python skeleton (D:6)
  10 bats
  3 frilled lizards
  A giant cockroach zombie (D:5)
  A leopard gecko skeleton (D:6)
  A leopard gecko zombie (D:6)
  A quokka skeleton (D:5)
  7 rats
161 creatures vanquished.

Notes
Turn   | Place    | Note
-------+----------+-------------------------------------------
     0 | D:1      | dvd the Octopode Fire Elementalist began the quest for the Orb.
     0 | D:1      | Reached XP level 1. HP: 11/11 MP: 3/3
   306 | D:1      | Reached XP level 2. HP: 12/17 MP: 0/5
   938 | D:1      | Reached XP level 3. HP: 21/21 MP: 0/6
  1298 | D:2      | Found an iron altar of Okawaru.
  1348 | D:2      | Learned a level 2 spell: Throw Flame
  1589 | D:2      | Reached skill level 1 in Short Blades
  1589 | D:2      | Reached XP level 4. HP: 25/27 MP: 3/8
  1918 | D:2      | Noticed Sigmund
  2031 | D:2      | Killed Sigmund
  2031 | D:2      | Reached skill level 1 in Fighting
  2031 | D:2      | Reached XP level 5. HP: 6/33 MP: 4/9
  2557 | D:2      | Reached XP level 6. HP: 20/38 MP: 0/11
  2563 | D:2      | Learned a level 4 spell: Sticky Flame
  2799 | D:3      | Learned a level 1 spell: Magic Dart
  3073 | D:3      | Noticed Ijyb
  3086 | D:3      | Killed Ijyb
  3998 | D:4      | Found a sparkling altar of Nemelex Xobeh.
  4142 | D:4      | Found a runed door.
  4144 | D:4      | Noticed Jaiteiro's ghost (amateur GrFi)
  4214 | D:4      | Reached XP level 7. HP: 43/43 MP: 9/12
  4673 | D:5      | Entered Level 5 of the Dungeon
  4835 | D:5      | Learned a level 2 spell: Blink
  4876 | D:5      | Found an opulent altar of Gozag.
  5207 | D:5      | Reached skill level 1 in Maces & Flails
  6092 | D:6      | Reached skill level 5 in Fire Magic
  6135 | D:6      | Reached XP level 8. HP: 31/50 MP: 7/14
  6365 | D:6      | Found a staircase to the Ecumenical Temple.
  6386 | Temple   | Entered the Ecumenical Temple
  6400 | Temple   | Became a worshipper of Vehumet
  7342 | D:6      | Got a twitching zirconium amulet
  7344 | D:6      | Identified the amulet of Surprise {RegenMP Dex+3} (You found it on level 6 of the Dungeon)
  7602 | D:7      | Noticed a spriggan baker
  7611 | D:7      | Killed a spriggan baker
  7611 | D:7      | Reached skill level 5 in Spellcasting
  7757 | D:7      | Found an ancient bone altar of Kikubaaqudgha.
  7757 | D:7      | Found a stormy altar of Qazlal.
  7762 | D:7      | Found a shattered altar of Ashenzari.
  7799 | D:7      | Noticed a troll
  7807 | D:7      | Killed a troll
  7807 | D:7      | Reached skill level 5 in Conjurations
  7807 | D:7      | Reached XP level 9. HP: 56/56 MP: 4/17
  7923 | D:7      | Reached * piety under Vehumet
  7923 | D:7      | Offered knowledge of Freeze by Vehumet.
  7951 | D:7      | Learned a level 1 spell: Shock
  8134 | D:7      | Learned a level 5 spell: Fireball
  8252 | D:7      | Noticed an orange crystal statue
  8711 | D:8      | Noticed Joseph
  9013 | D:8      | Noticed Erica
  9057 | D:8      | Killed Erica
  9057 | D:8      | Reached XP level 10. HP: 15/63 MP: 11/20
  9069 | D:8      | Noticed Gastronok
  9387 | D:8      | Offered knowledge of Searing Ray by Vehumet.
  9520 | D:8      | HP: 3/63 [Joseph/uncursed quarterstaff of draining (1)]
  9521 | D:8      | Mangled by Joseph

Skill      XL: |  1  2  3  4  5  6  7  8  9 |
---------------+----------------------------+-----
Short Blades   | 1 2 3 |  3.1
Fighting       | 1 2 3 |  3.6
Spellcasting   | 3 4 5 6 |  6.7
Conjurations   | 2 3 4 5 6 |  6.9
Fire Magic     | 4 5 6 |  6.4
Dodging        | 3 4 |  4.5
Maces & Flails | 1 3 4 |  4.6
Stealth        | |  2.6
Shields        | |  0.5
Evocations     | |  0.2

Action                   |  1- 3 |  4- 6 |  7- 9 | 10-12 || total
-------------------------+-------+-------+-------+-------++-------
Melee: Dagger            |    35 |    20 |    36 |       ||    91
       Constrict         |     7 |     8 |    27 |       ||    42
       Tentacles         |     4 |     6 |    22 |     3 ||    35
       Unarmed           |     1 |       |       |       ||     1
       Mace              |       |    16 |    65 |    13 ||    94
       War axe           |       |       |     2 |       ||     2
 Cast: Flame Tongue      |    40 |    50 |    78 |     4 ||   172
       Throw Flame       |     2 |    16 |    56 |    13 ||    87
       Sticky Flame      |       |       |    20 |     2 ||    22
       Magic Dart        |       |       |     1 |       ||     1
       Shock             |       |       |     1 |       ||     1
Evoke: Wand              |       |       |     1 |       ||     1
  Use: Scroll            |     5 |       |       |     1 ||     6
       Potion            |       |     1 |       |     1 ||     2
 Stab: Sleeping          |    10 |    11 |     2 |       ||    23
  Eat: Chunk             |     2 |     9 |    12 |     2 ||    25
       Ration            |       |       |     2 |       ||     2
Armor: Skin              |    10 |     3 |     3 |       ||    16
Dodge: Dodged            |    43 |    22 |    87 |    13 ||   165
Block: Buckler           |       |       |     1 |     1 ||     2
